 Dungeon Sprint DCSS version 0.22.1-1-ga44c0e56f4 (webtiles) character file.

1307 MuseOD the Impaler (level 8, 0/78 HPs)
             Began as a Merfolk Berserker on Oct 7, 2018.
             Was a Priest of Trog.
             Slain by a polar bear (2 damage)
             ... in the Dungeon (Sprint II: "The Violet Keep of Menkaure").
             The game lasted 00:01:25 (294 turns).

MuseOD the Impaler (Merfolk Berserker)               Turns: 294, Time: 00:01:26

Health: 0/78       AC:  2    Str: 19    XL:     8   Next: 57%
Magic:  8/8        EV: 17    Int:  6    God:    Trog [***...]
Gold:   567        SH:  0    Dex: 14    Spells: 7/7 levels left

rFire    . . .     SeeInvis .   a - +0 spear
rCold    . . .     Gourm    .   (no shield)
rNeg     . . .     Faith    .   b - +0 animal skin
rPois    .         Spirit   .   (no helmet)
rElec    .         Reflect  .   (no cloak)
rCorr    .         Harm     .   (no gloves)
MR       ++...     NoTele   +   (no boots)
Stlth    +.........             (no amulet)
HPRegen  1.23/turn              (no ring)
MPRegen  0.11/turn              (no ring)

@: berserk cooldown, regenerating, slowed, very slow
A: change form in water, swift swim, stealthy swim
a: Berserk, Trog's Hand, Renounce Religion


You were in the Dungeon.
You worshipped Trog.
Trog was most pleased with you.
You were hungry.

You visited 1 branch You collected 567 gold pieces.

Inventory:

Hand Weapons
 a - a +0 spear (weapon)
Armour
 b - a +0 animal skin (worn)
Scrolls
 i - a scroll of blinking
Potions
 d - a potion of curing
 f - a potion of haste
 g - 2 potions of magic
 h - a potion of berserk rage
Comestibles
 c - a ration
 j - 6 chunks of flesh


   Skills:
 + Level 12.6 Fighting
 + Level 16.0 Polearms
 + Level 4.7 Armour
 + Level 8.7 Dodging


You had 7 spell levels left.
You didn't know any spells.
Your spell library was empty.

Dungeon Overview and Level Annotations

Branches:
Dungeon (1/1)

Altars:
Cheibriados
Dithmenos
Elyvilon
Fedhas
Gozag
Hepliaklqana
Kikubaaqudgha
Makhleb
Qazlal
Ru
Sif Muna
Trog
Wu Jian
Beogh
Jiyva
Lugonu


Message History

The polar bear claws you but does no damage.
The polar bear closely misses you. x3; The polar bear completely misses you.
The polar bear barely misses you. x2
You hit the polar bear but do no damage.
The polar bear is lightly wounded.
The polar bear misses you. The polar bear closely misses you. x2
The polar bear bites you! The polar bear claws you.
* * * LOW HITPOINT WARNING * * *
The polar bear claws you.
* * * LOW HITPOINT WARNING * * *
You hit the polar bear.
The polar bear is lightly wounded.
Unknown command.
You hit the polar bear.
The polar bear is lightly wounded.
The polar bear bites you!!
* * * LOW HITPOINT WARNING * * *
The polar bear claws you but does no damage.
The polar bear claws you.
You die...

≈§§§§§ ... ≈≈#+++#+++##
... ≈≈.........# ..
≈≈≈.##'##..# #.
≈≈≈##...##.#### +.### ≈≈
#..#..#....# ...# ##
≈####.).####..#####^.# $#
#.###'## .##..#.hyc.# y#
#.##.##.w.#..#@h#..# .#
##'.<.+# +..####y.##.#
#.##.##$w.#....###.c.##▓▓
#.# #+#
.##......≈≈≈≈≈≈≈≈≈≈≈ ##
#≈≈.....≈#+########
#≈≈≈≈≈≈≈..≈#....._..#
#≈≈§§÷≈≈≈.≈#...._._.#
#≈≈≈§≈≈≈≈≈§≈#..._._._#
≈≈≈≈§≈≈§≈≈≈≈#.._._._.#


You could see 2 polar bears, a yaktaur and a hornet.

Vanquished Creatures
  A merfolk siren (D)
  5 hippogriffs (D)
  Menkaure (D)
7 creatures vanquished.

Vanquished Creatures (others)
  A crocodile (D)
1 creature vanquished.

Grand Total: 8 creatures vanquished

Notes
Turn   | Place    | Note
-------+----------+-------------------------------------------
     0 | D        | MuseOD the Merfolk Berserker began the quest for the Orb.
     0 | D        | Reached XP level 1. HP: 18/18 MP: 1/1
     1 | D        | Noticed a tyrant leech
     1 | D        | Noticed a tyrant leech
     4 | D        | Noticed a merfolk siren
    14 | D        | Killed a merfolk siren
    14 | D        | Reached skill level 12 in Polearms
    14 | D        | Reached XP level 2. HP: 26/34 MP: 2/2
    14 | D        | Reached XP level 3. HP: 30/40 MP: 3/3
    14 | D        | Reached XP level 4. HP: 35/46 MP: 4/4
    14 | D        | Reached XP level 5. HP: 39/52 MP: 5/5
    14 | D        | Reached XP level 6. HP: 44/59 MP: 6/6
   160 | D        | Noticed Menkaure
   167 | D        | Killed Menkaure
   167 | D        | Reached ** piety under Trog
   167 | D        | Reached skill level 10 in Fighting
   167 | D        | Reached skill level 13 in Polearms
   167 | D        | Reached XP level 7. HP: 67/67 MP: 7/7
   176 | D        | Noticed a hippogriff
   176 | D        | Noticed a hippogriff
   186 | D        | Killed a hippogriff
   186 | D        | Reached skill level 14 in Polearms
   192 | D        | Killed a hippogriff
   247 | D        | Found a blossoming altar of Fedhas.
   248 | D        | Found a white marble altar of Elyvilon.
   248 | D        | Found an opulent altar of Gozag.
   248 | D        | Found a burning altar of Makhleb.
   249 | D        | Found a shadowy altar of Dithmenos.
   249 | D        | Found a corrupted altar of Lugonu.
   250 | D        | Found a snail-covered altar of Cheibriados.
   250 | D        | Found an ancient bone altar of Kikubaaqudgha.
   250 | D        | Found a bloodstained altar of Trog.
   251 | D        | Found a roughly hewn altar of Beogh.
   251 | D        | Found a viscous altar of Jiyva.
   251 | D        | Found a deep blue altar of Sif Muna.
   252 | D        | Found a hazy altar of Hepliaklqana.
   252 | D        | Found a sacrificial altar of Ru.
   255 | D        | Noticed a hippogriff
   255 | D        | Noticed a hippogriff
   256 | D        | Noticed a hippogriff
   259 | D        | Killed a hippogriff
   259 | D        | Reached *** piety under Trog
   259 | D        | Reached skill level 15 in Polearms
   259 | D        | Reached XP level 8. HP: 76/76 MP: 8/8
   266 | D        | Killed a hippogriff
   271 | D        | Killed a hippogriff
   271 | D        | Reached skill level 16 in Polearms
   281 | D        | Found a stormy altar of Qazlal.
   281 | D        | Found an ornate altar of the Wu Jian Council.
   282 | D        | Noticed a yaktaur
   282 | D        | Noticed a polar bear
   282 | D        | Noticed a polar bear
   283 | D        | Noticed a hornet
   294 | D        | HP: 2/78 [polar bear (19)]
   294 | D        | Slain by a polar bear

Skill      XL: |  1  2  3  4  5  6  7  8 |
---------------+-------------------------+-----
Fighting       | 9 10 12 | 12.6
Polearms       | 12 13 15 16 | 16.0
Armour         | 3 4 |  4.7
Dodging        | 6 7 8 |  8.7

Action                   |  1- 3 |  4- 6 |  7- 9 || total
-------------------------+-------+-------+-------++-------
Melee: Spear             |     8 |     7 |    33 ||    48
Invok: Berserk           |     1 |       |     2 ||     3
       Trog's Hand       |       |       |     1 ||     1
  Use: Potion            |       |       |     1 ||     1
Armor: Animal skin       |       |       |     6 ||     6
Dodge: Dodged            |     2 |     1 |    26 ||    29
